 Dungeon Crawl Stone Soup version 0.27-a0-887-gcab673c142 (webtiles) character file.

Game seed: 5689959161223644224

212074 spiderkeys the Executioner (level 18, 0/163 HPs)
             Began as a Hill Orc Monk on Apr 3, 2021.
             Was the Champion of Beogh.
             Killed by divine providence
             ... invoked by a smoke demon
              (12 damage)
             ... on level 3 of the Abyss.
             The game lasted 01:04:15 (37113 turns).

spiderkeys the Executioner (Hill Orc Monk)         Turns: 37113, Time: 01:04:16

Health: 0/163      AC: 42    Str: 22    XL:     18   Next: 39%
Magic:  30/30      EV:  5    Int: 18    God:    Beogh [******]
Gold:   2451       SH: 20    Dex:  9    Spells: 17/17 levels left

rFire    + + .     SeeInvis +   H - +10 war axe "Cenkug" {protect, Drain Int+8}
rCold    + + +     Faith    .   Y - +2 kite shield {rC+ rF+}
rNeg     . . .     Spirit   .   c - +1 gold dragon scales
rPois    +         Reflect  +   W - +2 hat {SInv}
rElec    .         Harm     .   o - +2 cloak
rCorr    .         Rampage  .   n - +0 pair of gloves
Will     +....     Rnd*Rage +   A - +2 pair of boots
Stlth    ..........             C - amulet of reflection
HPRegen  0.37/turn              g - +4 ring of protection
MPRegen  0.22/turn              V - ring "Yguxy" {rPois rC++ Dex-4}

@: protection aura
A: walk on water, berserk 1
}: 2/15 runes: abyssal, gossamer
a: Renounce Religion, Smiting, Recall Orcish Followers, Give Item to Named
Follower, Resurrection


You were on level 3 of the Abyss.
You worshipped Beogh.
Beogh was exalted by your worship.
You visited 5 branches of the dungeon, and saw 28 of its levels.
You visited the Abyss 1 time.
You also visited: Gauntlet.

You collected 4981 gold pieces.
You spent 2530 gold pieces at shops.

Inventory:

Hand Weapons
 h - a +5 vorpal broad axe
 H - the +10 war axe "Cenkug" (weapon) {protect, Drain Int+8}
   (You found it on level 14 of the Dungeon)

   It grants its wielder temporary protection when it strikes (+7 to AC).
   It affects your intelligence (+8).
   It drains your maximum health when unequipped.
 S - the +11 hand axe "Wewn" {freeze, rElec rN+ Dex+4}
   (You found it on level 2 of the Spider Nest)

   It has been specially enchanted to freeze those struck by it, causing extra
   injury to most foes and up to half again as much damage against particularly
   susceptible opponents.
   It can also slow down cold-blooded creatures.
   It affects your dexterity (+4).
   It insulates you from electricity.
   It protects you from negative energy.
Missiles
 d - 3 throwing nets (quivered)
 t - 6 atropa-tipped darts
 y - 23 javelins
 F - 20 silver javelins
Armour
 c - +1 gold dragon scales (worn)
 n - a +0 pair of gloves (worn)
 o - a +2 cloak (worn)
 A - a +2 pair of boots (worn)
 W - a +2 hat of see invisible (worn)
 Y - a +2 kite shield of resistance (worn)
Jewellery
 g - a +4 ring of protection (left hand)
 m - a ring of flight
 C - an amulet of reflection (around neck)
 V - the ring "Yguxy" (right hand) {rPois rC++ Dex-4}
   (You found it in a Gauntlet)

   [ring of poison resistance]

   It affects your dexterity (-4).
   It greatly protects you from cold.
   It protects you from poison.
Wands
 b - a wand of acid (19)
 p - a wand of digging (26)
 q - a wand of polymorph (30)
 s - a wand of flame (36)
 D - a wand of random effects (80)
 L - a wand of charming (11)
 O - a wand of paralysis (14)
 P - a wand of iceblast (13)
Scrolls
 e - 8 scrolls of teleportation
 j - 5 scrolls of vulnerability
 l - 8 scrolls of fog
 x - a scroll of fear
 B - 4 scrolls of magic mapping
 E - 10 scrolls of amnesia
 I - a scroll of summoning
 R - a scroll of holy word
 U - 12 scrolls of identify
Potions
 a - 7 potions of flight
 f - 10 potions of curing
 i - 3 potions of might
 r - 4 potions of mutation
 u - 5 potions of attraction
 v - 2 potions of berserk rage
 z - 2 potions of lignification
 G - 2 potions of magic
 J - 2 potions of cancellation
 K - a potion of invisibility
 M - 5 potions of ambrosia
 N - 2 potions of brilliance
 Q - 2 potions of resistance
 T - 4 potions of haste


   Skills:
 + Level 15.1 Fighting
 * Level 21.6 Axes
 + Level 13.8 Armour
 - Level 2.7 Dodging
 - Level 1.5 Stealth
 + Level 13.6 Shields
 + Level 16.5 Invocations
 - Level 5.5 Evocations


You had 17 spell levels left.
You didn't know any spells.
Your spell library contained the following spells:

 Spells                   Type           Power      Damage    Failure   Level
 Animate Skeleton         Necr           0%         N/A       100%        1
 Apportation              Tloc           0%         N/A       100%        1
 Beastly Appendage        Tmut           0%         N/A       100%        1
 Corona                   Hex            0%         N/A       100%        1
 Freeze                   Ice            0%         1d3       100%        1
 Magic Dart               Conj           0%         1d3       100%        1
 Summon Small Mammal      Summ           0%         N/A       100%        1
 Blink                    Tloc           N/A        N/A       100%        2
 Call Imp                 Summ           0%         N/A       100%        2
 Slow                     Hex            0%         N/A       100%        2
 Call Canine Familiar     Summ           0%         N/A       100%        3
 Confusing Touch          Hex            0%         N/A       100%        3
 Conjure Flame            Conj/Fire      0%         6-21      100%        3
 Frozen Ramparts          Ice            0%         1d2       100%        3
 Gell's Gravitas          Tloc           0%         N/A       100%        3
 Ignite Poison            Fire/Tmut/Pois 0%         N/A       100%        3
 Mephitic Cloud           Conj/Pois/Air  0%         N/A       100%        3
 Ozocubu's Armour         Ice            0%         N/A       100%        3
 Spider Form              Tmut/Pois      0%         N/A       100%        3
 Hailstorm                Conj/Ice       0%         3d3       100%        4
 Petrify                  Tmut/Erth      0%         N/A       100%        4
 Summon Ice Beast         Ice/Summ       0%         N/A       100%        4
 Fireball                 Conj/Fire      0%         3d3       100%        5
 Metabolic Englaciation   Hex/Ice        0%         N/A       100%        5
 Yara's Violent Unravell  Hex/Tmut       0%         3d3       100%        5
 Starburst                Conj/Fire      0%         8x6d3     100%        6
 Ignition                 Fire           0%         3d3       100%        8


Dungeon Overview and Level Annotations

Branches:
Dungeon (15/15)            Temple (0/1) D:6            Lair (6/6) D:8
 Shoals (0/4) Lair:2       Spider (4/4) Lair:4        Slime (0/5) Lair:5
    Orc (2/2) D:12            Elf (0/3) Orc:2        Vaults (1/5) D:13
 Depths (0/5) D:15        Gauntlet (visited)

Altars:
Cheibriados
Fedhas
Gozag
Hepliaklqana
Nemelex Xobeh
Trog
Beogh
Jiyva

Shops:
D:11 [   D:13 [   Orc:2 ![=?(([   Vaults:1 (([*

Annotations:
Lair:5 1 runed translucent door


Innate Abilities, Weirdness & Mutations

You can walk on water.
You tend to lose your temper in combat.


Message History

The starcursed mass is severely damaged.
A starcursed mass splits.
You slash the starcursed mass!
The starcursed mass is severely damaged.
You hit the starcursed mass.
The starcursed mass shudders and is absorbed by its neighbour.
A starcursed mass splits.
You slash the starcursed mass!
The starcursed mass is severely damaged.
The starcursed mass shudders and is absorbed by its neighbour.
A starcursed mass splits.
You slash the starcursed mass!
The starcursed mass is almost destroyed.
The starcursed mass shudders and is absorbed by its neighbour.
A starcursed mass splits.
You slice the starcursed mass!!
You destroy the starcursed mass!
Beogh accepts your kill.
A smoke demon comes into view.
The smoke demon roars!
A starcursed mass splits.
You hit the starcursed mass but do no damage.
The starcursed mass is severely damaged.
The starcursed mass touches you but does no damage.
You completely miss the starcursed mass.
The starcursed mass is severely damaged.
A starcursed mass splits.
The starcursed mass barely misses you.
You slice the starcursed mass!!
You destroy the starcursed mass!
Beogh accepts your kill.
You slice the starcursed mass!!
You destroy the starcursed mass!
Beogh accepts your kill.
The starcursed mass shrieks in your mind.
* * * LOW HITPOINT WARNING * * *
The starcursed mass shrieks in your mind.
* * * LOW HITPOINT WARNING * * *
The smoke demon gestures at you. Something smites you!
You die...

. #.# #.# ##.
# . .(.# #.#.
.. ..#. # ##.
# ##....####
.# #.#
##.#.#.#...
.##. .
#....##..## #
#.##.....####
. ###..=##..
. . #
#.@...#.#
.#.. .
#3####.# ..##
#.# #.. ###.#
.#. ..# .X..
.### . . .#
..... # .
....... ###
..##### ..


You could see a starcursed mass and a smoke demon.

Vanquished Creatures
  Arachne (Spider:3)
  3 ironbound preservers (Vaults:1)
  2 very ugly things (D:15)
  A ghoul (D:13)
  An ettin (Vaults:1)
  A minotaur (Gauntlet)
  Josephine (Lair:5)
  A green death (Abyss:3)
  Harold (D:8)
  3 yaktaur captains (Vaults:1)
  Erolcha (D:12)
  2 boulder beetles
  An ironbound thunderhulk (Vaults:1)
  4 catoblepae
  2 hydras
  An ice dragon (D:13)
  2 centaur warriors (D:14)
  An ironbound frostheart (Vaults:1)
  3 death yaks
  4 two-headed ogres
  An orc high priest (Orc:2)
  4 thrashing horrors (Abyss:3)
  An ironbound beastmaster (Vaults:1)
  3 deep trolls (Vaults:1)
  3 starcursed masses (Abyss:3)
  2 ironbound convokers (Vaults:1)
  2 orc knights (Orc:2)
  A wizard (Vaults:1)
  A harpy (Vaults:1)
  A necromancer (Vaults:1)
  5 orb spiders
  7 wolf spiders
  An orc sorcerer (Orc:2)
  A frost giant zombie (Vaults:1)
  7 ugly things
  A cyclops (D:12)
  A deep elf pyromancer (D:15)
  An oklob plant (D:13)
  Maurice (D:8)
  2 molten gargoyles (Gauntlet)
  2 torpor snails
  Joseph (D:7)
  4 elephants
  3 gargoyles (Gauntlet)
  A vault sentinel (Vaults:1)
  A black mamba (Lair:6)
  3 cane toads
  10 unseen horrors
  3 rime drakes
  11 yaktaurs (Vaults:1)
  2 komodo dragons
  An efreet (D:14)
  2 polar bears
  4 demonic crawlers
  12 jumping spiders
  4 trolls
  3 hornets
  2 slime creatures
  A wind drake (shapeshifter) (D:15)
  A meliai zombie (D:13)
  A blink frog (Lair:4)
  A small abomination (Abyss:3)
  36 redbacks
  A shadow (D:10)
  13 tarantellas
  2 wyverns
  3 basilisks
  A neqoxec (Gauntlet)
  2 vampire mosquitoes
  12 yaks
  A chaos spawn (Gauntlet)
  3 steam dragons
  6 water moccasins
  An ice beast (D:8)
  4 orc warriors
  3 ogres
  10 wolves
  8 centaurs
  A lemure (D:5)
  4 kobold brigands
  A gnoll sergeant (D:8)
  5 bullfrogs
  A wyvern zombie (D:8)
  2 scorpions
  6 wights
  3 electric eels
  3 howler monkeys
  2 bullfrog zombies (D:6)
  3 centaur zombies
  4 hounds
  Crazy Yiuf (D:6)
  3 gnoll shamans
  2 iguanas
  Natasha (thrice) (D:3)
  Terence (D:3)
  8 orc wizards
  A killer bee zombie (D:8)
  A hound skeleton (D:4)
  12 gnolls
  6 adders
  3 shadow imps
  A white imp (D:5)
  An adder skeleton (D:4)
  2 worms
  4 dart slugs
  23 orcs
  11 ball pythons
  6 endoplasms
  11 giant cockroaches
  8 goblins
  7 hobgoblins
  5 jackals
  5 quokkas
  10 bats
  3 frilled lizards
  23 kobolds
  6 rats
  A spectral kobold (D:15)
  2 lurking horrors (Abyss:3)
466 creatures vanquished.

Vanquished Creatures (collateral kills)
  The ghost of barkas the Peltast, an adept DgWz (Spider:3)
  A sphinx (Vaults:1)
  3 vault wardens (Vaults:1)
  3 ghost moths
  3 ghouls (D:13)
  Aizul (Spider:4)
  3 ironbound preservers (Vaults:1)
  3 emperor scorpions
  An orc warlord (Vaults:1)
  2 entropy weavers
  5 dire elephants
  4 spark wasps
  3 yaktaur captains (Vaults:1)
  A great orb of eyes (D:15)
  4 boulder beetles
  9 hydras
  An ironbound frostheart (Vaults:1)
  2 catoblepae
  A centaur warrior (D:8)
  2 two-headed ogres (D:12)
  A deep troll shaman (Lair:6)
  7 death yaks
  Urug (Lair:5)
  An ironbound beastmaster (Vaults:1)
  A tengu warrior (D:15)
  An orc high priest (Orc:2)
  2 skeletal warriors (D:13)
  An iron troll (D:13)
  9 deep trolls (Vaults:1)
  11 orb spiders
  3 harpies (Vaults:1)
  3 orc knights
  Pikel (D:5)
  A deep elf pyromancer (D:14)
  An ironbound convoker (Vaults:1)
  A wizard (Vaults:1)
  18 wolf spiders
  A wolf spider zombie (D:13)
  4 oklob plants (Lair:3)
  2 orc sorcerers (Orc:2)
  A cyclops (D:14)
  3 moths of wrath
  7 elephants
  12 ugly things
  A black mamba (Lair:3)
  11 cane toads
  4 torpor snails
  Psyche (D:8)
  7 yaktaurs (Vaults:1)
  A tengu conjurer (D:15)
  4 komodo dragons
  6 demonic crawlers
  A human skeleton (Vaults:1)
  A rime drake (Lair:3)
  A guardian mummy (D:13)
  A troll (shapeshifter) (D:14)
  4 trolls
  A polar bear (Lair:3)
  32 jumping spiders
  A tengu simulacrum (Vaults:1)
  8 blink frogs
  4 slime creatures
  6 dream sheep (Lair:6)
  3 hornets
  A meliai zombie (D:11)
  A shadow (D:11)
  18 tarantellas
  4 wraiths
  5 wyverns
  42 redbacks
  33 yaks
  Grum (D:9)
  A steam dragon (D:10)
  3 vampire mosquitoes (D:15)
  3 basilisks
  A warg (Orc:2)
  An acid dragon (D:11)
  11 water moccasins
  6 orc warriors
  A sky beast (D:8)
  2 black bears
  4 ogres
  8 wolves
  5 centaurs
  A kobold brigand (D:11)
  4 bullfrogs
  An oklob sapling (D:13)
  6 wights
  2 electric eels
  3 howler monkeys
  5 hounds
  7 orc priests
  7 centaur zombies
  A bullfrog skeleton (D:6)
  A scorpion zombie (D:5)
  8 orc wizards
  A killer bee zombie (D:9)
  A howler monkey zombie (D:8)
  A gnoll (D:7)
  6 adders
  17 orcs
  2 ball pythons (D:13)
  2 goblins (D:13)
  6 kobolds
  2 quokkas (D:6)
  A bush (Lair:6)
480 creatures vanquished.

Vanquished Creatures (others)
  5 orc knights
  2 orc high priests
  16 orc warriors
  2 orc sorcerers
  15 orc priests
  8 orc wizards
  A worm (D:3)
  69 orcs
  A bat (D:3)
  A ball python (D:3)
  A bush (Lair:6)
  88 fungi
  A lurking horror (Abyss:3)
  111 plants
321 creatures vanquished.

Grand Total: 1267 creatures vanquished

Notes
Turn   | Place    | Note
-------+----------+-------------------------------------------
     0 | D:1      | spiderkeys the Hill Orc Monk began the quest for the Orb.
     0 | D:1      | Reached XP level 1. HP: 19/19 MP: 1/1
   163 | D:1      | Reached XP level 2. HP: 24/27 MP: 2/2
   923 | D:1      | Reached skill level 1 in Armour
   923 | D:1      | Reached XP level 3. HP: 33/33 MP: 3/3
  1529 | D:2      | Reached skill level 5 in Axes
  1584 | D:2      | Reached XP level 4. HP: 40/40 MP: 4/4
  2616 | D:3      | Became a worshipper of Beogh the Brigand
  2616 | D:3      | Reached * piety under Beogh
  2616 | D:3      | Reached ** piety under Beogh
  2677 | D:3      | Noticed Natasha
  2688 | D:3      | Killed Natasha
  2689 | D:3      | Reached skill level 1 in Shields
  2689 | D:3      | Reached XP level 5. HP: 47/47 MP: 5/5
  2732 | D:3      | Noticed Natasha
  2740 | D:3      | Killed Natasha
  2922 | D:3      | Reached skill level 6 in Axes
  2924 | D:3      | Reached skill level 1 in Invocations
  3061 | D:3      | Noticed Natasha
  3091 | D:3      | Killed Natasha
  3092 | D:3      | Reached XP level 6. HP: 50/53 MP: 7/7
  3297 | D:3      | Found a faded altar of an unknown god.
  3340 | D:3      | Noticed Terence
  3351 | D:3      | Killed Terence
  4155 | D:4      | Reached skill level 5 in Fighting
  4270 | D:4      | Reached XP level 7. HP: 60/61 MP: 9/9
  4604 | D:4      | Reached *** piety under Beogh
  4766 | D:5      | Entered Level 5 of the Dungeon
  4813 | D:5      | Reached skill level 7 in Axes
  5375 | D:5      | Noticed Pikel
  5385 | D:5      | Killed Pikel
  5386 | D:5      | Reached skill level 8 in Axes
  5386 | D:5      | Reached skill level 5 in Invocations
  5386 | D:5      | Reached XP level 8. HP: 45/70 MP: 11/11
  6061 | D:6      | Found a staircase to the Ecumenical Temple.
  6146 | D:6      | Noticed a yak
  6147 | D:6      | Noticed a yak
  6147 | D:6      | Noticed a yak
  6147 | D:6      | Noticed a yak
  6148 | D:6      | Noticed a yak
  6153 | D:6      | Killed a yak
  6154 | D:6      | Killed a yak
  6157 | D:6      | Killed a yak
  6159 | D:6      | Killed a yak
  6160 | D:6      | Killed a yak
  6161 | D:6      | Reached skill level 9 in Axes
  6161 | D:6      | Reached XP level 9. HP: 47/78 MP: 13/13
  6720 | D:6      | Found a runed translucent door.
  6721 | D:6      | Noticed Crazy Yiuf
  6732 | D:6      | Killed Crazy Yiuf
  7079 | D:6      | Reached **** piety under Beogh
  7290 | D:7      | Reached skill level 5 in Armour
  7733 | D:7      | Reached skill level 10 in Axes
  7769 | D:7      | Noticed Joseph
  7787 | D:7      | Killed Joseph
  7788 | D:7      | Reached skill level 5 in Shields
  8518 | D:8      | Noticed Maurice
  8547 | D:8      | Killed Maurice
  8548 | D:8      | Reached XP level 10. HP: 86/86 MP: 16/16
  8571 | D:8      | Found a staircase to the Lair.
  8571 | D:8      | Noticed Harold
  8607 | D:8      | Reached skill level 11 in Axes
  8616 | D:8      | Killed Harold
  9469 | D:8      | Noticed Psyche
  9475 | D:8      | Killed Psyche
  9593 | D:8      | Reached skill level 12 in Axes
  9618 | D:8      | Gained Ognian as an ally
  9876 | D:8      | Reached XP level 11. HP: 73/95 MP: 18/18
 10103 | D:8      | Reached skill level 10 in Invocations
 10609 | D:8      | Noticed a centaur warrior
 10616 | D:8      | Killed a centaur warrior
 10852 | D:8      | Noticed a cyan ugly thing
 10862 | D:8      | Killed a cyan ugly thing
 11229 | D:9      | Gained Boderik as an ally
 11284 | D:9      | Noticed Grum
 11293 | D:9      | Killed Grum
 11294 | D:9      | Reached skill level 13 in Axes
 12462 | D:10     | Entered Level 10 of the Dungeon
 12659 | D:10     | Reached ***** piety under Beogh
 13229 | D:10     | Found a blossoming altar of Fedhas.
 13480 | D:11     | Noticed a green ugly thing
 13489 | D:11     | Killed a green ugly thing
 13798 | D:11     | Found Coaffex's Antique Armour Boutique.
 13804 | D:11     | Bought a shiny helmet for 195 gold pieces
 13920 | D:11     | Noticed a six-headed hydra
 13928 | D:11     | Killed an 11-headed hydra
 14110 | D:11     | Noticed a two-headed ogre
 14117 | D:11     | Killed a two-headed ogre
 14514 | D:12     | Noticed a boulder beetle
 14517 | D:12     | Noticed Erolcha
 14520 | D:12     | Killed Erolcha
 14521 | D:12     | Reached skill level 14 in Axes
 14521 | D:12     | Reached XP level 12. HP: 60/106 MP: 10/20
 14526 | D:12     | Killed a boulder beetle
 14528 | D:12     | Reached skill level 10 in Fighting
 14931 | D:12     | Noticed a two-headed ogre
 14937 | D:12     | Killed a two-headed ogre
 15143 | D:12     | Found a staircase to the Orcish Mines.
 15376 | D:12     | Found a snail-covered altar of Cheibriados.
 15395 | D:12     | Noticed a two-headed ogre
 15403 | D:12     | Killed a two-headed ogre
 15518 | D:12     | Noticed a two-headed ogre
 15532 | D:12     | Killed a two-headed ogre
 16040 | Lair:1   | Entered Level 1 of the Lair of Beasts
 16785 | Lair:2   | Noticed a six-headed hydra
 16790 | Lair:2   | Killed an eight-headed hydra
 17017 | Lair:2   | You fall into a shaft and drop 2 floors!
 17052 | Lair:4   | Noticed a five-headed hydra
 17060 | Lair:4   | Killed an eight-headed hydra
 17141 | Lair:4   | Reached skill level 15 in Axes
 17643 | Lair:4   | Found a hole to the Spider Nest.
 18337 | Lair:3   | Noticed a seven-headed hydra
 18344 | Lair:3   | Killed a nine-headed hydra
 18346 | Lair:3   | Noticed a four-headed hydra
 18350 | Lair:3   | Killed a four-headed hydra
 18424 | Lair:3   | Reached XP level 13. HP: 106/115 MP: 22/22
 19042 | Lair:3   | Gained Bogdar as an ally
 19709 | Lair:3   | You fall into a shaft and drop 3 floors!
 19709 | Lair:6   | Entered Level 6 of the Lair of Beasts
 19744 | Lair:6   | Gained Morguth as an ally
 19795 | Lair:6   | Reached skill level 16 in Axes
 20036 | Lair:6   | Reached skill level 10 in Armour
 20481 | Lair:6   | Reached skill level 10 in Shields
 20765 | Lair:6   | Noticed a dire elephant
 20774 | Lair:6   | Killed a dire elephant
 21913 | Lair:5   | Noticed Urug
 21923 | Lair:5   | Killed Urug
 22067 | Lair:5   | Noticed Josephine
 22076 | Lair:5   | Killed Josephine
 22077 | Lair:5   | Reached skill level 17 in Axes
 22079 | Lair:5   | Reached XP level 14. HP: 124/125 MP: 23/23
 22279 | Lair:5   | Found a runed translucent door.
 22280 | Lair:5   | Found a viscous altar of Jiyva.
 22289 | Lair:5   | Found a staircase to the Slime Pits.
 22454 | Lair:5   | Gained Ogrik as an ally
 24061 | Lair:2   | Found a staircase to the Shoals.
 24533 | D:13     | Found a flagged portal.
 24536 | D:13     | Noticed a ghoul
 24539 | D:13     | Noticed a ghoul
 24549 | D:13     | Killed a ghoul
 24551 | D:13     | Killed a ghoul
 24556 | D:13     | Found Douqont's Armour Emporium.
 24637 | D:13     | Found a gate to the Vaults.
 24755 | D:13     | Found a gate leading to a gauntlet.
 24760 | Gauntlet | Entered a Gauntlet
 24760 | Gauntlet | Found a transporter.
 24760 | Gauntlet | Found a transporter.
 24771 | Gauntlet | Found a transporter.
 24774 | Gauntlet | Found a transporter.
 24774 | Gauntlet | Found a transporter.
 24774 | Gauntlet | Found a transporter.
 24788 | Gauntlet | Found a transporter.
 24790 | Gauntlet | Found a transporter.
 24798 | Gauntlet | Found a transporter.
 24899 | Gauntlet | Found a transporter.
 24903 | Gauntlet | Found a transporter.
 24915 | Gauntlet | Found a transporter.
 24994 | Gauntlet | Gained mutation: You tend to lose your temper in combat. [a
                  | neqoxec]
 25278 | Gauntlet | Identified the +0 leather armour "Qeary" {*Slow rElec rPois
                  | rF+++}
 25287 | Gauntlet | Reached skill level 18 in Axes
 25292 | Gauntlet | Identified the ring "Yguxy" {rPois rC++ Dex-4}
 25473 | D:13     | Your ally Bogdar died
 25487 | D:13     | Killed a ghoul
 25583 | D:13     | Your ally Ognian died
 25583 | D:13     | Killed a ghoul
 25696 | D:13     | You fall into a shaft and drop 2 floors!
 25696 | D:15     | Entered Level 15 of the Dungeon
 25726 | D:14     | Found a sparkling altar of Nemelex Xobeh.
 26028 | D:14     | Reached XP level 15. HP: 127/134 MP: 25/25
 26033 | D:14     | Identified the +10 war axe "Cenkug" {protect, Drain Int+8}
 26102 | D:14     | Reached ****** piety under Beogh
 26993 | D:13     | Identified the Incunabulum of Nature
 27384 | D:15     | Found a staircase to the Depths.
 27472 | D:15     | Found a hazy altar of Hepliaklqana.
 27635 | D:15     | Identified the +2 battleaxe of Yfefap {elec, rElec rPois
                  | rC-}
 27894 | Orc:1    | Entered Level 1 of the Orcish Mines
 28261 | Orc:2    | Entered Level 2 of the Orcish Mines
 28271 | Orc:2    | Found Yvocukk's Distillery.
 28271 | Orc:2    | Gained Syrus as an ally
 28281 | Orc:2    | Gained Worak as an ally
 28284 | Orc:2    | Your ally Worak died
 28286 | Orc:2    | Found Qicyugiu's Jewellery Boutique.
 28294 | Orc:2    | Found a staircase to the Elven Halls.
 28339 | Orc:2    | Bought a potion of experience for 650 gold pieces
 28339 | Orc:2    | Reached skill level 5 in Evocations
 28339 | Orc:2    | Reached XP level 16. HP: 144/144 MP: 26/26
 28375 | Orc:2    | Found a bloodstained altar of Trog.
 28384 | Orc:2    | Found Typlaiss's Antique Armour Emporium.
 28428 | Orc:2    | Found a roughly hewn altar of Beogh.
 28582 | Orc:2    | Found Cosum's Magic Scroll Boutique.
 28603 | Orc:2    | Reached skill level 19 in Axes
 28604 | Orc:2    | Your ally Syrus died
 28605 | Orc:2    | Found Ycuxatot's Armour Shoppe.
 28711 | Orc:2    | Found Wagruv's Weapon Boutique.
 28712 | Orc:2    | Found Webuss's Weapon Shoppe.
 28766 | Orc:2    | Bought +0 gold dragon scales for 1200 gold pieces
 28798 | Orc:2    | Bought a glowing cloak for 225 gold pieces
 28825 | Orc:2    | Bought a potion of curing for 39 gold pieces
 28825 | Orc:2    | Bought a potion of curing for 39 gold pieces
 28825 | Orc:2    | Bought a potion of might for 52 gold pieces
 28825 | Orc:2    | Bought a potion of haste for 130 gold pieces
 29156 | Spider:1 | Entered Level 1 of the Spider Nest
 29664 | Spider:1 | Gained Argrim as an ally
 30485 | Spider:2 | Your ally Argrim died
 30707 | Spider:2 | Gained Gorbash as an ally
 30746 | Spider:2 | Reached skill level 15 in Invocations
 30935 | Spider:2 | Identified the +11 hand axe "Wewn" {freeze, rElec rN+
                  | Dex+4}
 31615 | Spider:3 | Found a transporter.
 31628 | Spider:3 | Noticed Arachne
 31661 | Spider:3 | Noticed barkas's ghost (adept DgWz)
 32136 | Spider:3 | Found a transporter.
 32155 | Spider:3 | Reached XP level 17. HP: 137/151 MP: 28/28
 32603 | Spider:3 | Gained Grimold as an ally
 32610 | Spider:3 | Reached skill level 20 in Axes
 32624 | Spider:3 | Killed Arachne
 32639 | Spider:3 | Killed barkas's ghost
 33079 | Spider:4 | Entered Level 4 of the Spider Nest
 33122 | Spider:4 | Noticed Aizul
 33126 | Spider:4 | Your ally Grimold died
 33130 | Spider:4 | Killed Aizul
 34010 | Spider:4 | Gained Ugbert as an ally
 34015 | Spider:4 | Gained Wargath as an ally
 34021 | Spider:4 | Your ally Gorbash died
 34388 | Spider:4 | Got a gossamer rune of Zot
 34906 | Vaults:1 | Entered Level 1 of the Vaults
 35425 | Vaults:1 | Reached skill level 21 in Axes
 36179 | Vaults:1 | Found Xalisin's Armour Shop.
 36192 | Vaults:1 | Reached XP level 18. HP: 162/162 MP: 30/30
 36390 | Vaults:1 | Found Gozag's Antique Weapon Shop.
 36609 | Vaults:1 | Found an opulent altar of Gozag.
 36609 | Vaults:1 | Found Gozag's Assorted Antiques.
 36617 | Vaults:1 | Found Gozag's Antique Weapon Boutique.
 36645 | Vaults:1 | Reached skill level 15 in Fighting
 36949 | Vaults:1 | Cast into level 3 of the Abyss (vault warden)
 36950 | Abyss:3  | Found a corrupted altar of Lugonu.
 36989 | Abyss:3  | Found a corrupted altar of Lugonu.
 37005 | Abyss:3  | Got an abyssal rune of Zot
 37113 | Abyss:3  | Killed from afar by a smoke demon

Illustrated notes

Levels and vault maps discovered:
D:1:      dpeg_arrival_short_road, layout_basic, minmay_misc_feat_roman,
          eino_curves_04
D:2:      wander_river, layout_loops_corners, minmay_goblin_kobold_house
D:3:      minmay_evil_eye, layout_rooms, basic_ecumenical_altar, serial_forest,
          infiniplex_forest_straight_3, infiniplex_forest_clump_long,
          infiniplex_forest_straight_4, infiniplex_forest_fountain,
          infiniplex_forest_clump_diagonal, infiniplex_forest_straight_3,
          infiniplex_forest_3_way, infiniplex_forest_corner_1, uniq_terence,
          uniq_natasha
D:4:      layout_gridville
D:5:      layout_loops_corners, uniq_pikel
D:6:      layout_rooms, minmay_temple_entry_hall, gup_sewer_entry_pipe,
          grunt_decor_fettered, uniq_crazy_yiuf_cottage
D:7:      layout_basic, uniq_joseph
D:8:      nzn_winding_woodlands_small [nzn_winding_woodlands_5x15_parted,
          nzn_winding_woodlands_center_pierced_h,
          nzn_winding_woodlands_5x15_longhouse], layout_layer_cave,
          erik_lair_island, hangedman_decor_points, uniq_maurice, uniq_psyche,
          uniq_harold
D:9:      layout_irregular_city, chequers_serial_rivers_marsh, uniq_grum
D:10:     layout_loops_ring, lemuel_coloured_pillars_altar, st_stairs_10
D:11:     layout_basic, serial_glass, glass_columns_b, glass_columns_a,
          serial_shops, shop
D:12:     layout_basic, hiddenorc2_lemuel, slow_altar_1, uniq_erolcha
D:13:     layout_stronghold, david_vaults_4, gauntlet_entry_generic,
          serial_undead, serial_undead_a, serial_undead_c, serial_undead_f,
          serial_undead_e, enter_bailey_5, serial_shops, nicolae_shop_trees,
          introduction_to_nature_1
D:14:     layout_rooms, nemelex_xobeh_ov_fountains_minmay
D:15:     gammafunk_enter_depths_forms, layout_basic, serial_glass,
          glass_columns_a, glass_columns_b,
          nicolae_hepliaklqana_monster_ancestors
Lair:1:   layout_hall_layers
Lair:2:   layout_gridlike, minmay_shoals_entry_centaurs, serial_bayou_shore_a
Lair:3:   layout_regular_city, grunt_megastairs_1, minmay_lair_oklob_chamber,
          lemuel_fruit_tree
Lair:4:   layout_layer_cave, spider_nest_entry_web_field, st_stairs_3,
          beast_lair_carwin_2
Lair:5:   layout_small_grid, slime_altar_2, infiniplex_staircase_pool,
          grunt_megastairs_3, uniq_urug, uniq_josephine
Lair:6:   grunt_lair_end_beastmaster, layout_loops_ring,
          chequers_serial_rivers_marsh, serial_bayou_pond_b
Spider:1: layout_spider_delve
Spider:2: layout_spider_delve
Spider:3: layout_chambers, nzn_ghost_randoct
Spider:4: grunt_spider_rune_parallel, uniq_aizul
Orc:1:    layout_caves
Orc:2:    st_orc_elflike, layout_caves, serial_shops, shop,
          nicolae_shop_crystal, shop, basic_altar, abandoned_shop,
          david_defended_altar_orc
Vaults:1: nicolae_vaults_little_squares_3, nicolae_vaults_gold_heap,
          kennysheep_vaults_gozag_temple, nicolae_vaults_network_quinsquares
          [nicolae_vaults_network_quincunx_subvault,
          nicolae_vaults_network_quincunx_subvault,
          nicolae_vaults_network_quincunx_subvault,
          nicolae_vaults_network_quincunx_subvault],
          nicolae_vaults_circle_grid_b, nicolae_vaults_border_crossing,
          nicolae_vaults_little_squares_2, grunt_vaults_diagonal,
          ontoclasm_vaults_ring_small, dpeg_vaults_monster_row,
          nicolae_vaults_circle_grid_a, v_pattern_2,
          nicolae_vaults_shelves_hall, v_misc_26, grunt_vaults_funnel,
          layout_vaults_omnicross, serial_shops, shop
Abyss:3:  base: Lair:3, evilmike_abyss_exit_3,
          hangedman_grunt_abyss_rune_horror_hoard

Skill      XL: |  1  2  3  4  5  6  7  8  9 10 11 12 13 14 15 16 17 18 |
---------------+-------------------------------------------------------+-----
Armour         | 1 2 3 4 5 6 8 9 10 11 12 13 | 13.8
Fighting       | 4 5 6 7 8 9 10 11 12 13 14 15 | 15.1
Axes           | 5 6 8 9 10 12 14 15 17 18 19 21 | 21.6
Shields        | 1 2 3 4 5 6 8 9 10 11 12 13 | 13.6
Invocations    | 1 2 5 6 8 9 11 12 13 14 15 16 | 16.5
Evocations     | 5 |  5.5
Dodging        | |  2.7
Stealth        | |  1.5

Action                   |  1- 3 |  4- 6 |  7- 9 | 10-12 | 13-15 | 16-18 || total
-------------------------+-------+-------+-------+-------+-------+-------++-------
Melee: Hand axe          |   121 |   194 |   258 |   594 |   188 |       ||  1355
       Broad axe         |       |       |       |       |   242 |       ||   242
       War axe           |       |       |       |       |   103 |   648 ||   751
Invok: Convert to Beogh  |       |     1 |       |       |       |       ||     1
       Smiting           |       |       |       |    11 |     6 |       ||    17
       Recall Orcish Fol |       |       |       |     6 |    21 |     9 ||    36
       Give Item to Name |       |       |       |       |     1 |       ||     1
       Resurrection      |       |       |       |       |       |     1 ||     1
Evoke: Wand              |       |       |       |       |     5 |     2 ||     7
  Use: Potion            |       |       |     1 |     1 |     2 |     7 ||    11
       Scroll            |       |       |       |    18 |     9 |     5 ||    32
 Stab: Sleeping          |     1 |       |       |       |       |       ||     1
       Distracted        |       |       |     3 |     4 |     8 |     8 ||    23
       Petrified         |       |       |       |       |     9 |       ||     9
       Petrifying        |       |       |       |       |     1 |       ||     1
       Held in net/web   |       |       |       |       |       |     1 ||     1
Armor: Robe              |    46 |       |       |       |       |       ||    46
       Chain mail        |     3 |   131 |   141 |   164 |   194 |     4 ||   637
       Plate armour      |       |       |       |   191 |   137 |       ||   328
       Gold dragon scale |       |       |       |       |       |   445 ||   445
Dodge: Dodged            |    90 |    19 |    26 |    56 |    76 |    91 ||   358
Block: Tower shield      |    10 |   137 |   179 |   448 |   486 |       ||  1260
       Reflection        |       |       |       |       |     8 |    27 ||    35
       Kite shield       |       |       |       |       |    19 |   654 ||   673

Table legend: (Time is in decaauts)
 A = Elapsed time spent in this place.
 B = Non-inter-level travel time spent in this place.
 C = Inter-level travel time spent in this place.
 D = Time resting spent in this place.
 E = Time spent auto-exploring this place.
 F = Levels seen in this place.
 G = Mean time per level.
                   A        B        C        D        E       F      G
               +--------+--------+--------+--------+--------+-----+--------+
         Total |  37288 |  35443 |   1845 |   2392 |  26862 |  30 | 1242.9 |
       Dungeon |  19693 |  18489 |   1204 |   1267 |  14285 |  15 | 1312.9 |
          Lair |   8696 |   8420 |    276 |    550 |   6734 |   6 | 1449.3 |
   Spider Nest |   5182 |   4936 |    246 |    236 |   3393 |   4 | 1295.5 |
  Orcish Mines |    988 |    870 |    118 |      0 |    715 |   2 |  494.0 |
        Vaults |   2006 |   2006 |      0 |    139 |   1558 |   1 | 2006.0 |
         Abyss |    160 |    160 |      0 |     22 |      0 |   1 |  160.0 |
      Gauntlet |    561 |    561 |      0 |    177 |    176 |   1 |  561.0 |
               +--------+--------+--------+--------+--------+-----+--------+

Top non-repeatable levels by time:
     D:8: 2885 daAuts
  Lair:6: 2116 daAuts
Vaults:1: 2006 daAuts
Spider:3: 1751 daAuts
  Lair:3: 1658 daAuts
    D:12: 1604 daAuts
  Lair:4: 1601 daAuts
  Lair:2: 1555 daAuts
     D:1: 1522 daAuts
Spider:4: 1461 daAuts
     D:9: 1441 daAuts
    D:13: 1421 daAuts
     D:3: 1325 daAuts
     D:5: 1298 daAuts
     D:7: 1241 daAuts
